Map: [ESL] Oceanborn

Players

HeroMarine - Winner!

  • Race: Terran Terran
  • Spawn Location: 11:00

Highdra

  • Race: Protoss Protoss
  • League: Grandmaster
  • Spawn Location: 5:00

Event: HomeStory Cup XXIV

VOD

Have the link to the VOD?

Description

Time

  • Played on: Dec. 2, 2023, 12:18 p.m.
  • Length: 11:08

All games in this series

Show
View Real Time Build Order
Export as new Build Order

HeroMarine Terran - Winner!

Build Orders:  

Get SALT Encoding   

  12  0:00  SCV  
  13  0:12  SCV  
  14  0:17  Supply Depot  
  14  0:24  SCV  
  15  0:39  SCV  
  15  0:40  Barracks  
  15  0:42  Refinery  
  16  0:51  SCV  
  17  1:03  SCV  
  18  1:15  SCV  
  19  1:27  Orbital Command  
  20  1:36  Command Center  
  20  1:38  Marine  
  20  1:50  Factory  
  20  1:53  SCV  
  21  2:00  Refinery  
  21  2:02  Barracks Reactor  
  21  2:05  SCV  
  22  2:10  Supply Depot  
  22  2:17  SCV  
  23  2:32  SCV  
  23  2:34  Hellion  
  23  2:35  Starport  
  26  2:38  Marine  
  26  2:39  Marine  
  28  2:44  SCV  
  28  2:50  Orbital Command  
  29  2:55  Hellion  
  29  2:56  SCV  
  32  3:00  Marine  
  33  3:05  Marine  
  33  3:09  SCV  
  35  3:13  Medivac  
  35  3:16  SCV  
  35  3:19  Hellion  
  40  3:21  SCV  
  40  3:23  Marine  
  40  3:24  Marine  
  43  3:30  SCV, Supply Depot  
  43  3:33  SCV  
  45  3:40  Marine  
  46  3:42  Factory Tech Lab, Supply Depot  
  46  3:48  Starport Tech Lab  
  46  3:51  Marine  
  46  3:52  SCV x2  
  49  3:59  Barracks  
  49  4:04  Siege Tank, Marine, SCV x2  
  49  4:09  Marine  
  56  4:16  Raven, SCV x2  
  60  4:21  Supply Depot  
  60  4:22  Marine  
  61  4:27  Marine  
  62  4:34  Barracks  
  62  4:40  Engineering Bay  
  62  4:42  Siege Tank, Supply Depot, Marine, SCV x2  
  68  4:45  Marine  
  68  4:47  Refinery  
  69  4:54  SCV  
  69  4:57  Bunker  
  69  4:58  Stimpack  
  70  5:04  Supply Depot, SCV  
  70  5:05  Supply Depot  
  70  5:06  Terran Infantry Weapons Level 1  
  70  5:07  Marine, SCV  
  72  5:10  Marauder  
  72  5:11  Marine  
  76  5:17  SCV  
  76  5:19  SCV  
  72  5:25  Marine  
  72  5:26  Starport Reactor  
  72  5:28  Supply Depot  
  71  5:30  Factory Reactor  
  71  5:32  Marauder  
  71  5:34  SCV x2  
  69  5:38  Siege Tank  
  69  5:41  Marine  
  69  5:42  Barracks Tech Lab  
  73  5:43  Marine  
  73  5:46  SCV x2  
  73  5:48  Refinery  
  76  5:53  Marauder  
  78  5:58  Marine, SCV x2, Supply Depot  
  78  6:00  Combat Shield, Marine  
  78  6:01  Marauder  
  84  6:05  Medivac  
  84  6:06  Missile Turret  
  86  6:12  Medivac  
  86  6:14  Marine, SCV  
  86  6:16  Marine  
  92  6:18  Marine  
  92  6:22  Marine  
  92  6:23  Factory Reactor  
  93  6:32  Marauder  
  95  6:36  Marine x2  
  95  6:38  Medivac  
  95  6:39  Command Center  
  99  6:40  Marauder  
  99  6:42  Medivac  
  102  6:54  Marine x2, Supply Depot, Marauder, SCV  
  103  6:55  SCV  
  106  7:01  Marauder  
  106  7:06  SCV  
  106  7:07  SCV  
  109  7:11  Barracks  
  109  7:12  Barracks  
  109  7:18  Medivac x2  
  109  7:19  Marauder  
  109  7:22  Marine x2  
  117  7:27  SCV  
  118  7:32  Terran Infantry Armor Level 1  
  118  7:34  Marauder, Widow Mine x2, SCV, Supply Depot  
  125  7:40  SCV  
  126  7:51  Marauder, Marine  
  129  7:52  Orbital Command, SCV x2  
  129  7:53  Marine  
  129  7:56  Marauder  
  128  8:04  SCV x2  
  126  8:08  Marine  
  126  8:11  Marine  
  127  8:13  Marauder  
  127  8:17  Marauder, SCV x2  
  116  8:23  Widow Mine x2  
  116  8:26  Marine  
  109  8:29  Marine  
  109  8:30  Orbital Command, Concussive Shells, SCV  
  109  8:31  SCV  
  109  8:34  Marauder, Medivac x2  
  116  8:35  Barracks Reactor  
  116  8:36  Marauder  
  116  8:38  Missile Turret  
  116  8:39  Marauder  
  120  8:43  SCV x2  
  120  8:44  Widow Mine  
  120  8:45  Widow Mine  
  126  8:49  Marine  
  126  8:53  Marine  
  130  8:55  Marauder  
  130  8:57  Marauder  
  130  8:59  Supply Depot  
  130  9:00  Supply Depot, Marauder  
  134  9:07  Armory, Marine  
  135  9:11  Marine  
  135  9:12  Viking, Medivac  
  135  9:14  Widow Mine  
  146  9:17  Widow Mine, Marauder  
  146  9:19  Marauder  
  146  9:21  Marauder, Marine x2  
  146  9:23  Supply Depot  
  152  9:24  SCV, Marine  
  152  9:27  Refinery x2  
  152  9:29  Marine  
  152  9:31  SCV x2  
  159  9:38  Marine, Marauder  
  159  9:39  Marine  
  159  9:41  Widow Mine  
  159  9:44  Widow Mine  
  159  9:45  Medivac, Marine  
  168  9:46  Command Center  
  168  9:50  Marauder  
  170  9:58  Marauder  
  162  10:03  Marauder  
  162  10:04  Marine  
  162  10:07  Widow Mine x2, Medivac  
  162  10:11  Marine  
  162  10:12  Marauder  
  162  10:13  Barracks x3  
  167  10:15  Medivac  
  167  10:20  Marauder  
  171  10:23  Ghost Academy, Starport  
  171  10:24  Marauder  
  171  10:26  Engineering Bay  
  173  10:45  Supply Depot  
  173  10:46  Marauder x2  
Show
View Real Time Build Order
Export as new Build Order

Highdra Protoss 

Build Orders: 1 Gate Expand, Blink Stalkers 

Get SALT Encoding   

  12  0:00  Probe  
  13  0:12  Probe  
  14  0:16  Pylon  
  14  0:24  Probe (Chrono Boost)  
  15  0:36  Probe (Chrono Boost)  
  15  0:38  Gateway  
  16  0:43  Probe (Chrono Boost)  
  16  0:46  Assimilator  
  17  0:51  Probe  
  18  1:03  Probe  
  19  1:15  Probe  
  20  1:25  Cybernetics Core  
  22  1:32  Nexus  
  20  1:39  Pylon  
  20  1:41  Probe  
  21  1:47  Assimilator  
  21  1:53  Probe  
  22  1:58  Adept (Chrono Boost)  
  24  2:02  Warp Gate  
  24  2:05  Probe  
  25  2:17  Probe  
  25  2:18  Stalker (Chrono Boost)  
  29  2:30  Probe  
  29  2:33  Twilight Council  
  29  2:44  Probe (Chrono Boost)  
  31  2:46  Probe (Chrono Boost)  
  31  2:53  Probe (Chrono Boost)  
  31  2:56  Probe (Chrono Boost)  
  31  2:57  Gateway  
  33  2:58  Probe (Chrono Boost)  
  34  3:06  Probe  
  34  3:07  Blink (Chrono Boost)  
  34  3:10  Probe  
  36  3:17  Gateway  
  36  3:18  Probe  
  37  3:22  Probe  
  37  3:24  Robotics Facility  
  38  3:30  Shield Battery, Probe  
  39  3:35  Probe  
  39  3:38  Gateway  
  40  3:41  Pylon  
  40  3:44  Probe  
  40  3:47  Probe  
  42  3:52  Pylon  
  42  3:57  Stalker  
  42  3:59  Stalker  
  46  4:12  Warp Prism (Chrono Boost)  
  46  4:13  Stalker  
  48  4:24  Stalker x2  
  48  4:27  Pylon  
  52  4:38  Stalker x2  
  56  4:52  Stalker  
  58  4:53  Stalker  
  58  4:56  Probe x2  
  62  5:01  Stalker  
  62  5:05  Nexus  
  64  5:07  Pylon  
  64  5:19  Stalker  
  64  5:21  Stalker x2  
  68  5:22  Probe  
  68  5:23  Probe  
  68  5:40  Probe x2  
  68  5:41  Assimilator  
  70  5:45  Pylon  
  68  5:52  Probe (Chrono Boost)  
  68  5:53  Probe (Chrono Boost)  
  70  5:57  Robotics Bay  
  70  5:59  Assimilator, Forge  
  70  6:00  Pylon  
  72  6:04  Probe (Chrono Boost)  
  72  6:05  Probe (Chrono Boost)  
  72  6:10  Probe x2 (Chrono Boost)  
  74  6:18  Probe x2  
  74  6:20  Probe  
  74  6:24  Shield Battery, Charge  
  77  6:30  Probe x2  
  77  6:32  Probe  
  80  6:34  Protoss Ground Weapons Level 1  
  80  6:39  Gateway  
  80  6:41  Gateway, Colossus (Chrono Boost)  
  80  6:42  Probe  
  87  6:54  Sentry, Zealot x3  
  89  6:57  Pylon  
  91  7:08  Probe x2  
  91  7:09  Probe  
  91  7:14  Zealot x3  
  100  7:19  Pylon  
  100  7:20  Pylon  
  100  7:24  Colossus (Chrono Boost)  
  100  7:26  Pylon  
  106  7:32  Zealot  
  106  7:36  Pylon  
  104  7:44  Zealot  
  104  7:45  Zealot x2  
  104  7:49  Zealot  
  104  8:00  Zealot  
  104  8:05  Stalker  
  106  8:06  Stalker x4  
  106  8:09  Colossus (Chrono Boost)  
  91  8:24  Zealot  
  77  8:28  Probe  
  77  8:29  Probe  
  77  8:33  Nexus  
  79  8:35  Stalker  
  79  8:38  Zealot  
  83  8:42  Probe x2  
  83  8:53  Immortal  
  83  8:54  Robotics Bay  
  87  8:56  Probe x2  
  89  9:05  Shield Battery  
  89  9:08  Probe x2  
  89  9:09  Zealot  
  93  9:12  Sentry x3  
  97  9:21  Probe  
  97  9:22  Probe  
  99  9:26  Sentry, Zealot  
  103  9:38  Probe x2  
  105  9:40  Colossus (Chrono Boost)  
  111  9:48  Assimilator  
  111  9:50  Probe x2  
  111  9:52  Assimilator  
  84  10:04  Zealot  
  84  10:06  Stalker x3  
  76  10:19  Zealot  
  78  10:23  Zealot  
  78  10:25  Observer (Chrono Boost)  
  72  10:37  Zealot  
  72  10:38  Zealot x3  
  72  10:40  Sentry  
  78  10:55  Zealot  
Tags
 
Add a new tag
Caveats
  • Supply blocks, unpowered buildings, or Contaminate may cause inaccurate times.
  • Supply counts are checked every 10 seconds.